 Dungeon Crawl Stone Soup version 0.25-a0-699-g25a338df49 (webtiles) character file.

Game seed: 3806940981228863500, levelgen mode: deterministic

42 DasRunzen the Conjurer (level 3, -3/28 HPs)
             Began as a Demigod Conjurer on Apr 2, 2020.
             Slain by a worm (10 damage)
             ... on level 3 of the Dungeon.
             The game lasted 00:05:00 (1831 turns).

DasRunzen the Conjurer (Demigod Conjurer)           Turns: 1831, Time: 00:05:00

Health: -3/28      AC:  3    Str: 11    XL:     3   Next: 17%
Magic:  1/8        EV: 13    Int: 21    God:
Gold:   118        SH:  0    Dex: 19    Spells: 3/6 levels left

rFire    . . .     SeeInvis .   g - +0 scythe (curse)
rCold    + . .     Gourm    .   (shield currently unavailable)
rNeg     . . .     Faith    .   a - +0 robe
rPois    .         Spirit   .   j - +0 helmet
rElec    .         Reflect  .   (no cloak)
rCorr    .         Harm     .   (no gloves)
MR       .....                  (no boots)
Stlth    ++........             n - amulet of inaccuracy (curse)
HPRegen  0.09/turn              d - +3 ring of dexterity
MPRegen  0.11/turn              l - ring of protection from cold

@: no status effects
A: high mp 1
a: no special abilities


You were on level 3 of the Dungeon.
You were not hungry.

You visited 1 branch of the dungeon, and saw 3 of its levels.

You collected 118 gold pieces.

Inventory:

Hand Weapons
 g - a cursed +0 scythe (weapon)
Armour
 a - a +0 robe (worn)
 e - a +1 helmet
 j - a +0 helmet (worn)
Jewellery
 d - a +3 ring of dexterity (left hand)
 f - an uncursed ring of protection from fire
 l - a ring of protection from cold (right hand)
 n - a cursed amulet of inaccuracy (around neck)
 o - an uncursed ring of fire {unknown}
Potions
 b - a potion of lignification {unknown}
 h - 2 potions of might
 i - 2 potions of brilliance {unknown}
 k - a potion of magic {unknown}
 m - a potion of curing {unknown}
Comestibles
 c - 4 rations


   Skills:
 + Level 1.1 Fighting
 + Level 2.3 Dodging
 - Level 1.7 Stealth
 + Level 2.2 Spellcasting
 + Level 3.9 Conjurations


You had 3 spell levels left.
You knew the following spells:

 Your Spells              Type           Power        Failure   Level  Hunger
a - Magic Dart            Conj           ###.         3%          1    #......
b - Searing Ray           Conj           ###...       4%          2    ##.....

Your spell library contained the following spells:

 Spells                   Type           Power        Failure   Level  Hunger
 Dazzling Flash           Conj/Hex       ##....       19%         3    ###....
 Fulminant Prism          Conj/Hex       ##........   54%         4    #####..
 Iskenderun's Mystic Bla  Conj/Tloc      ##......     54%         4    #####..


Dungeon Overview and Level Annotations

Branches:
Dungeon (3/15)


Innate Abilities, Weirdness & Mutations

You have an increased reservoir of magic. (+10% MP)


Message History

(Press . to maintain the ray.)
The searing ray hits the worm.
The worm is heavily wounded.
The searing ray hits the worm!
The worm is almost dead.
Without enough magic to sustain it, your searing ray dissipates.
You closely miss the worm.
The worm is severely wounded.
The worm bites you!
You closely miss the worm.
The worm is severely wounded.
The worm closely misses you.
You barely miss the worm.
The worm is severely wounded.
The worm misses you. The worm bites you!
* * * LOW HITPOINT WARNING * * *
You completely miss the worm.
The worm is heavily wounded.
The worm bites you!
You die...

### ...
..# #.#
#.# #.#
#w#
#######@#
.......<#
.......##
.......
.......
..)....
#.#..†.
#.#....
#....


You could see a worm.

Vanquished Creatures
  An ooze (D:1)
  2 dart slugs (D:2)
  2 leopard geckos
  A ball python (D:1)
  5 bats (D:1)
  2 giant cockroaches (D:1)
  3 hobgoblins
  3 jackals (D:2)
  4 kobolds
  3 frilled lizards
  2 goblins (D:2)
  A rat (D:2)
29 creatures vanquished.

Notes
Turn   | Place    | Note
-------+----------+-------------------------------------------
     0 | D:1      | DasRunzen the Demigod Conjurer began the quest for the Orb.
     0 | D:1      | Reached XP level 1. HP: 14/14 MP: 5/5
   215 | D:1      | Reached XP level 2. HP: 22/22 MP: 5/7
   219 | D:1      | Learned a level 2 spell: Searing Ray
   388 | D:1      | Found a shimmering altar of Xom,
   430 | D:1      | Found an ornate altar of the Wu Jian Council,
   430 | D:1      | Found a stormy altar of Qazlal,
   432 | D:1      | Found a basalt altar of Yredelemnul,
   432 | D:1      | Found a sparkling altar of Nemelex Xobeh,
   432 | D:1      | Found a shimmering blue altar of Sif Muna,
   920 | D:2      | Reached skill level 1 in Fighting
  1111 | D:2      | Found a sacrificial altar of Ru,
  1213 | D:2      | Reached XP level 3. HP: 24/28 MP: 1/8
  1534 | D:2      | Found a glowing golden altar of the Shining One,
  1739 | D:2      | Found a snail-covered altar of Cheibriados,
  1739 | D:2      | Found a stormy altar of Qazlal,
  1831 | D:3      | Slain by a worm

Levels and vault maps discovered:
D:1:      dpeg_arrival_triangle_fractal, layout_loops_ring, doesnt_xom_only_xom
D:2:      layout_loops_corners, tso_altar, nicolae_overflow_hidden_temple,
          gammafunk_temple_overflow_elements, minmay_pentomino_u2
D:3:      layout_basic, old_standard_altar, tgw_sif, first_ration,
          minmay_randomly_rotated_circles

Skill      XL: |  1  2 |
---------------+-------+-----
Dodging        | 2 |  2.3
Spellcasting   | 2 |  2.2
Fighting       | 1 |  1.1
Stealth        | |  1.7
Conjurations   | |  3.9

Action                   || total
-------------------------++-------
Melee: Unarmed           ||     1
       Scythe            ||    19
 Cast: Magic Dart        ||    59
       Searing Ray       ||     2
  Use: Scroll            ||     5
  Eat: Chunk             ||     3
Armor: Robe              ||    14
Dodge: Dodged            ||    19

Table legend:
 A = Non-vault XP
 B = Vault XP
 C = Vault XP percentage of total XP
 D = Non-vault monster count
 E = Vault monster count
 F = Vault count percentage of total count
                 A         B        C        D         E       F
            +---------+---------+-------+---------+---------+-------
      Total |      55 |       5 |   8.3 |      27 |       2 |   6.9
            +---------+---------+-------+---------+---------+-------
        D:1 |      29 |       0 |   0.0 |      14 |       0 |   0.0
        D:2 |      23 |       5 |  17.9 |      12 |       2 |  14.3
        D:3 |       3 |       0 |   0.0 |       1 |       0 |   0.0
            +---------+---------+-------+---------+---------+-------
